 Dungeon Crawl Stone Soup version 0.25-a0-265-g7af84ae0ac (webtiles) character file.

Game seed: 11926906034324598980, levelgen mode: deterministic

1006418 twoshot the Impregnable (level 27, -4/229 (232) HPs)
             Began as a Deep Dwarf Fighter on Dec 6, 2019.
             Was a Believer of Elyvilon.
             Slain by a quicksilver dragon (20 damage)
             ... on level 1 of the Realm of Zot on Dec 7, 2019.
             The game lasted 05:09:21 (104454 turns).

twoshot the Impregnable (Deep Dwarf Fighter)      Turns: 104454, Time: 05:09:22

HP:   -4/229 (232)  AC: 44    Str: 32      XL:     27
MP:   26/26 (17)    EV: 22    Int: 17      God:    Elyvilon [**....]
Gold: 10366         SH: 23    Dex:  9 (10) Spells: 69/69 levels left

rFire    + + .     SeeInvis +   n - +9 eudemon blade (holy)
rCold    + + .     Gourm    .   b - +5 shield of Vygelex {-Cast rN++ MR+}
rNeg     + + +     Faith    +   h - +8 gold dragon scales
rPois    +         Spirit   .   L - +0 hat {SInv}
rElec    +         Reflect  .   M - +1 cloak of Starlight {rElec rC+ EV+4 Stlth--}
rCorr    .         Harm     .   J - +2 pair of gloves {Str+3}
MR       +++++     Rnd*Rage +   v - +1 pair of boots {run} Stlth ..........Rnd*Tele +
                                V - amulet of faith
HPRegen  0.00/turn NoCast   +   Q - ring "Haodali" {rPois rF+ MP+9 Str-2 SInv}
MPRegen  0.20/turn              y - ring "Jyitoaz" {Str+2 Int+6 Slay+4 Stlth-}

@: lethally poisoned (-4 -> -4), about to teleport, non-regenerating, quick
A: damage resistance, heal wounds, horns 1, thin skeletal structure 1, berserk
1, blurry vision 2, clumsy 2, deterioration 1, dopey 1, frail 2, negative energy
resistance 1, sense surroundings 3, screaming 1, teleportitis 2, subdued magic
3, no regeneration
}: 4/15 runes: barnacled, silver, abyssal, gossamer
a: Heal Wounds, Lesser Healing, Heal Other, Divine Protection, Renounce Religion


You were on level 1 of the Realm of Zot.
You worshipped Elyvilon.
Elyvilon was pleased with you.
You were not hungry.

You visited 12 branches of the dungeon, and saw 50 of its levels.
You visited the Abyss 15 times.
You visited 1 bazaar.
You also visited: Trove, Sewer, Gauntlet, Ice Cave, Volcano and Wizlab.

You collected 14341 gold pieces.
You spent 3876 gold pieces at shops.
You donated 99 gold pieces to Zin.

Inventory:

Hand Weapons
 n - a +9 eudemon blade of holy wrath (weapon)
Armour
 b - the +5 shield of Vygelex (worn) {-Cast rN++ MR+}
   (You found it on level 9 of the Dungeon)

   It greatly protects you from negative energy.
   It affects your resistance to hostile enchantments.
   It prevents spellcasting.
 h - +8 gold dragon scales (worn)
 v - a +1 pair of boots of running (worn)
 J - a +2 pair of gloves of strength (worn)
 L - a +0 hat of see invisible (worn)
 M - the +1 cloak of Starlight (worn) {rElec rC+ EV+4 Stlth--}
   (You found it in a wizard's laboratory)

   It affects your evasion (+4).
   It protects you from cold.
   It insulates you from electricity.
   It makes you much less stealthy.
Jewellery
 l - the ring of Gaede {rElec Dex+5 Slay+4 Stlth-}
   (You found it in a treasure trove)

   [ring of slaying]

   It affects your dexterity (+5).
   It affects your accuracy and damage with ranged weapons and melee attacks
   (+4).
   It insulates you from electricity.
   It makes you less stealthy.
 p - an uncursed ring of magical power
 y - the ring "Jyitoaz" (right hand) {Str+2 Int+6 Slay+4 Stlth-}
   (You found it in a treasure trove)

   [ring of slaying]

   It affects your strength (+2).
   It affects your intelligence (+6).
   It affects your accuracy and damage with ranged weapons and melee attacks
   (+4).
   It makes you less stealthy.
 G - the ring "Vaotecza" {rF+ rC+ Int+5 Dex+4}
   (You found it on level 1 of the Abyss)

   [ring of protection from cold]

   It affects your intelligence (+5).
   It affects your dexterity (+4).
   It protects you from fire.
   It protects you from cold.
 I - the ring "Isiduil" {rF+ rC+ rN+ MR-}
   (You found it in a treasure trove)

   [ring of protection from fire]

   It protects you from fire.
   It protects you from cold.
   It protects you from negative energy.
   It affects your resistance to hostile enchantments.
 N - the ring of the Mackerel {Wiz *Drain rPois rC+++ rN+++}
   (You found it in a treasure trove)

   [ring of wizardry]

   It improves your spell success rate.
   It renders you almost immune to cold.
   It protects you from poison.
   It renders you almost immune to negative energy.
   It causes draining when unequipped.
 O - an uncursed ring of magical power
 Q - the ring "Haodali" (left hand) {rPois rF+ MP+9 Str-2 SInv}
   (You found it in a treasure trove)

   [ring of magical power]

   It affects your strength (-2).
   It protects you from fire.
   It protects you from poison.
   It affects your magic capacity (+9).
   It lets you see invisible.
 V - an amulet of faith (around neck)
 X - a +2 amulet of reflection
Wands
 r - a wand of disintegration (11)
 A - a wand of acid (10)
 H - a wand of enslavement (46)
 K - a wand of paralysis (55)
 R - a wand of digging (39)
Scrolls
 c - 39 scrolls of remove curse
 f - 5 scrolls of silence
 g - 16 scrolls of fear
 i - 15 scrolls of identify
 k - 19 scrolls of blinking
 m - 3 scrolls of holy word
 q - 21 scrolls of immolation
 t - 19 scrolls of teleportation
 u - 17 scrolls of magic mapping
 w - 9 scrolls of enchant weapon
 B - 8 scrolls of summoning
 Y - 17 scrolls of fog
Potions
 a - a potion of mutation
 d - 8 potions of might
 e - 18 potions of curing
 o - 12 potions of heal wounds
 s - 13 potions of agility
 x - 11 potions of haste
 C - 12 potions of lignification
 D - 15 potions of brilliance
 E - 13 potions of flight
 P - 2 potions of invisibility
 S - 14 potions of ambrosia
 T - 3 potions of magic
 U - 3 potions of cancellation
 Z - 2 potions of resistance
Miscellaneous
 j - 2 sacks of spiders
 F - 4 phantom mirrors
 W - 2 boxes of beasts
Comestibles
 z - 78 rations


   Skills:
 - Level 25.0 Fighting
   Level 9.7(17.7) Short Blades
 - Level 24.4(25.0) Long Blades
   Level 20.0 Axes
 - Level 25.9 Armour
 - Level 25.7 Dodging
 - Level 25.0 Shields
 + Level 21.5 Spellcasting
   Level 12.8 Translocations
 - Level 16.5 Invocations
 - Level 9.5 Evocations


You had 69 spell levels left.
You didn't know any spells.
Your spell library contained the following spells:

 Spells                   Type           Power        Failure   Level  Hunger
 Blink                    Tloc           N/A          0%          2    None
 Shroud of Golubria       Chrm/Tloc      ###...       1%          2    None
 Gell's Gravitas          Tloc           ####......   1%          3    None
 Lesser Beckoning         Tloc           ####......   1%          3    None
 Portal Projectile        Hex/Tloc       ###...       1%          3    None
 Recall                   Summ/Tloc      N/A          1%          3    None
 Teleport Other           Tloc           ####....     1%          3    None
 Passage of Golubria      Tloc           N/A          1%          4    None
 Iskenderun's Mystic Bla  Conj/Tloc      ###.....     4%          4    None
 Dispersal                Tloc           ####......   5%          6    ####...
 Beastly Appendage        Tmut           #.....       8%          1    None
 Confusing Touch          Hex            #.....       8%          1    None
 Foxfire                  Conj/Fire      #...         8%          1    None
 Freeze                   Ice            #...         8%          1    None
 Magic Dart               Conj           #...         8%          1    None
 Pain                     Necr           #...         8%          1    None
 Sandblast                Erth           #.....       8%          1    None
 Shock                    Conj/Air       #...         8%          1    None
 Sting                    Tmut/Pois      #...         8%          1    None
 Call Imp                 Summ           #.......     12%         2    None
 Corpse Rot               Necr/Air       N/A          12%         2    None
 Ensorcelled Hibernation  Hex/Ice        #.....       12%         2    None
 Passwall                 Tmut/Erth      #.......     12%         2    None
 Poisonous Vapours        Pois/Air       #.....       12%         2    None
 Searing Ray              Conj           #.....       12%         2    None
 Slow                     Hex            #.......     12%         2    None
 Sticks to Snakes         Tmut           #.......     12%         2    None
 Sublimation of Blood     Necr           #.........   12%         2    None
 Swiftness                Chrm/Air       #.......     12%         2    None
 Summon Forest            Summ/Tloc      ###.......   16%         5    ##.....
 Confuse                  Hex            #.......     26%         3    None
 Conjure Flame            Conj/Fire      #.......     26%         3    None
 Dazzling Flash           Conj/Hex       #.....       26%         3    None
 Ignite Poison            Fire/Tmut/Pois #.......     26%         3    None
 Inner Flame              Hex/Fire       #.......     26%         3    None
 Mephitic Cloud           Conj/Pois/Air  #.......     26%         3    None
 Ozocubu's Armour         Chrm/Ice       #.......     26%         3    None
 Spider Form              Tmut/Pois      #.........   26%         3    None
 Static Discharge         Conj/Air       #.......     26%         3    None
 Stone Arrow              Conj/Erth      #.....       26%         3    None
 Vampiric Draining        Necr           #.........   26%         3    None
 Airstrike                Air            #.........   69%         4    None
 Animate Dead             Necr           N/A          69%         4    None
 Cause Fear               Hex            #.........   69%         4    None
 Fulminant Prism          Conj/Hex       #.........   69%         4    None
 Hailstorm                Conj/Ice       #.......     69%         4    None
 Ice Form                 Ice/Tmut       #.......     69%         4    None
 Olgreb's Toxic Radiance  Pois           #.......     69%         4    None
 Petrify                  Tmut/Erth      #.......     69%         4    None
 Sticky Flame             Conj/Fire      #.......     69%         4    None
 Summon Ice Beast         Ice/Summ       #.......     69%         4    None
 Summon Lightning Spire   Summ/Air       #.......     69%         4    None
 Agony                    Necr           #.......     96%         5    ##.....
 Aura of Abjuration       Summ           #.........   96%         5    ##.....
 Blade Hands              Tmut           #.........   96%         5    ##.....
 Bolt of Magma            Conj/Fire/Erth #.........   96%         5    ##.....
 Borgnjor's Vile Clutch   Necr/Erth      #.........   96%         5    ##.....
 Dispel Undead            Necr           #.......     96%         5    ##.....
 Excruciating Wounds      Chrm/Necr      #.........   96%         5    ##.....
 Fireball                 Conj/Fire      #.........   96%         5    ##.....
 Irradiate                Conj/Tmut      #.........   96%         5    ##.....
 Iskenderun's Battlesphe  Conj/Chrm      #.......     96%         5    ##.....
 Lee's Rapid Deconstruct  Erth           #.........   96%         5    ##.....
 Lightning Bolt           Conj/Air       #.........   96%         5    ##.....
 Metabolic Englaciation   Hex/Ice        #.........   96%         5    ##.....
 Silence                  Hex/Air        #.........   96%         5    ##.....
 Summon Demon             Summ           #.........   96%         5    ##.....
 Summon Mana Viper        Hex/Summ       #.......     96%         5    ##.....
 Yara's Violent Unravell  Hex/Tmut       #.........   96%         5    ##.....
 Controlled Blink         Tloc           N/A          98%         8    #######
 Disjunction              Tloc           ####......   98%         8    #######
 Darkness                 Hex            #.........   100%        6    ####...
 Deflect Missiles         Chrm/Air       #.........   100%        6    ####...
 Freezing Cloud           Conj/Ice/Air   #.........   100%        6    ####...
 Hydra Form               Tmut           #.........   100%        6    ####...
 Invisibility             Hex            #.......     100%        6    ####...
 Iron Shot                Conj/Erth      #.........   100%        6    ####...
 Shadow Creatures         Summ           N/A          100%        6    ####...
 Starburst                Conj/Fire      #.........   100%        6    ####...
 Statue Form              Tmut/Erth      #........    100%        6    ####...
 Dragon Form              Tmut           #.........   100%        7    ######.
 Orb of Destruction       Conj           #.........   100%        7    ######.
 Ring of Flames           Chrm/Fire      #.........   100%        7    ######.
 Spellforged Servitor     Conj/Summ      #.........   100%        7    ######.
 Discord                  Hex            #.........   100%        8    #######
 Ignition                 Fire           #.........   100%        8    #######


Dungeon Overview and Level Annotations

Branches:
Dungeon (15/15)            Temple (1/1) D:5            Lair (6/6) D:11
 Shoals (4/4) Lair:3       Spider (4/4) Lair:3        Slime (0/5) Lair:6
    Orc (2/2) D:10            Elf (3/3) Orc:2        Vaults (5/5) D:14
  Crypt (3/3) Vaults:3       Tomb (1/3) Crypt:3      Depths (5/5) D:15
    Zot (1/5) Depths:5      Sewer (visited)           IceCv (visited)
Volcano (visited)          WizLab (visited)         Gauntlet (visited)

Altars:
Ashenzari
Cheibriados
Dithmenos
Elyvilon
Fedhas
Gozag
Hepliaklqana
Kikubaaqudgha
Makhleb
Nemelex Xobeh
Okawaru
Qazlal
Ru
Sif Muna
Trog
Uskayaw
Vehumet
Wu Jian
Xom
Yredelemnul
Zin
The Shining One
Beogh
Jiyva

Shops:
D:15 (   Orc:2 (}[(   Vaults:1 [*!?   Vaults:4 *   Depths:3 *   Depths:5 [

Portals:
Hell: Depths:1 Depths:2 Depths:3 Depths:4 Depths:5
Abyss: Depths:4
Pandemonium: Depths:1 Depths:3 Depths:4
Ziggurat: Depths:4

Annotations:
D:5 1 runed translucent door, FrozenTrovador's ghost, amateur HuNe
Spider:2 Roxanne
Depths:1 3 runed translucent doors, Aladinah's ghost, adept GnTm


Innate Abilities, Weirdness & Mutations

You are resistant to damage.
You can heal yourself by infusing magical energy.
You resist negative energy. (rN+)
You passively map a large area around you.
You do not regenerate.
You have a pair of small horns on your head.
You have a somewhat thin skeletal structure. (Dex +2, Stealth)
You tend to lose your temper in combat.
Scrolls take you longer to read.
You are very clumsy. (Dex -4)
Your body sometimes deteriorates upon taking damage.
You are dopey. (Int -2)
You are very frail. (-20% HP)
You occasionally shout uncontrollably at your foes.
You are sometimes teleported next to monsters.
Your spells are much easier to cast, but much less powerful.


Message History

You begin reading the scroll.
You continue reading the scroll.
The red draconian monk hits you but does no damage.
You block the red draconian monk's attack.
The red draconian monk barely misses you.
You hear a roar!
You block the black draconian's attack.
The quicksilver dragon breathes dispelling energy at you.
The bolt of dispelling energy misses you.
The moth of wrath goads the quicksilver dragon on!
The quicksilver dragon goes berserk!
The red draconian monk hits you!!
* * * LOW HITPOINT WARNING * * *
The red draconian monk misses you.
The red draconian monk closely misses you.
As you read the scroll of teleportation, it crumbles to dust.
You feel strangely unstable.
You feel the Orb delaying your translocation!
The purple draconian rages.
You block the quicksilver dragon's attack. x2
The quicksilver dragon bites you!!
You die...

, *...........# ,,
#...........# ,, ,
#.......>...# ,
#...........# * , ,
#...........#
##.....#...........#
#(.....#...........#
#......#$..........#
#......#@..........#
#......#D..........#
#......#dqq........#
#......#qy.........#
#......#yd.........#
#......d..%)...[...#
#.⌠....#.[.q......
#......#.q..##....,*
#......#.)..##....,*


You could see a red draconian monk (berserk), a white draconian knight
(invisible), a black draconian (berserk), a green draconian (berserk), a purple
draconian (berserk), a purple draconian shifter, a quicksilver dragon (berserk),
a white draconian annihilator, a red draconian scorcher and 2 moths of wrath.

Vanquished Creatures
  Mara (Shoals:4)
  2 juggernauts
  5 ancient liches
  21 greater mummies
  Sojobo (Crypt:3)
  2 caustic shrikes (Depths:2)
  A curse toe (Zot:1)
  4 golden dragons
  Nikola (Shoals:2)
  47 bone dragons
  4 profane servitors
  Jory (Crypt:2)
  2 electric golems (Zot:1)
  4 hellephants
  Rupert (Lair:4)
  17 tentacled monstrosities
  5 Hell Sentinels
  24 liches
  8 titans
  2 deep elf blademasters (Elf:3)
  2 deep elf master archers (Elf:3)
  5 quicksilver dragons
  An eldritch tentacle (WizLab)
  Polyphemus (Shoals:2)
  5 ancient champions
  146 tentacled starspawn
  Kirke (Spider:1)
  A kraken (Abyss:1)
  13 Executioners
  A death cob (Zot:1)
  7 sphinxes
  8 tengu reavers
  4 storm dragons
  Donald (Shoals:3)
  Ilsuiw (Shoals:2)
  13 revenants
  10 shadow dragons
  3 draconian monks
  5 daevas (Abyss:1)
  A fire giant (shapeshifter) (Vaults:5)
  7 deep elf sorcerers
  9 fire giants
  2 orc warlords (Orc:2)
  3 iron dragons
  Aizul (Vaults:2)
  4 draconian knights
  A ghost moth (shapeshifter) (Depths:2)
  7 ghost moths
  13 cacodemons
  Louise (Shoals:4)
  9 frost giants
  13 balrugs
  10 angels
  3 draconian scorchers
  9 emperor scorpions
  6 deep elf elementalists
  5 curse skulls
  2 spriggan defenders (Depths:4)
  8 reapers
  21 vault wardens
  2 draconian stormcallers
  2 draconian annihilators
  8 draconian shifters
  The ghost of Borgoz the Carver, a journeyman GrFi of Ashenzari (Lair:4)
  15 ironheart preservers
  3 war gargoyles (Vaults:5)
  4 ghouls
  5 green draconians
  83 very ugly things
  10 vampire knights
  9 deep elf demonologists
  26 stone giants
  6 entropy weavers
  Azrael (Elf:2)
  4 ophanim
  10 lorocyprocas
  The ghost of Borgoz the Fighter, a journeyman GrFi of Okawaru (D:15)
  3 black draconians
  2 purple draconians (Depths:5)
  5 white draconians
  2 minotaurs
  2 pale draconians (Depths:5)
  8 spark wasps
  7 deep elf annihilators (Elf:3)
  4 yellow draconians
  4 red draconians
  The ghost of saltlakrits the Basher, a journeyman GrGl (Lair:6)
  12 deep elf death magi
  7 merfolk javelineers
  Josephine (D:12)
  12 blizzard demons
  12 merfolk impalers
  15 eidola
  21 green deaths
  18 ettins
  4 deep elf high priests
  20 jiangshi
  12 mummy priests
  16 fire dragons
  31 rakshasas
  10 ogre magi
  34 vault guards
  22 yaktaur captains
  328 large abominations
  22 great orbs of eyes
  A quicksilver dragon skeleton (Abyss:2)
  16 ice dragons
  Harold (Orc:1)
  Erica (D:8)
  7 hydras
  4 spriggan air magi
  3 merfolk aquamancers
  2 naga warriors (Abyss:1)
  A hell beast (Depths:5)
  29 two-headed ogres
  A catoblepas (Shoals:2)
  7 centaur warriors
  An anaconda (shapeshifter) (Vaults:4)
  2 merfolk avatars
  7 death knights
  29 dancing weapons
  6 death yaks
  2 satyrs (Shoals:3)
  126 thrashing horrors
  10 tengu warriors
  8 death scarabs (Tomb:1)
  9 deep troll shamans
  14 hell hogs
  12 deep troll earth magi
  16 vampire magi
  A queen ant (Spider:3)
  An orc high priest (Orc:2)
  3 shock serpents (shapeshifter)
  4 titan zombies
  Urug (Lair:1)
  10 spriggan berserkers
  3 storm dragon zombies
  Sonja (Orc:2)
  7 soul eaters
  13 hell knights
  13 sun demons
  121 wretched stars
  5 titan skeletons
  Nergalle (D:10)
  A storm dragon skeleton (Abyss:1)
  37 spatial maelstroms
  2 fire crabs (shapeshifter)
  18 deep elf knights
  44 sixfirhies
  5 iron trolls
  15 shadow wraiths
  An entropy weaver zombie (Crypt:3)
  3 quicksilver dragon simulacra
  14 skeletal warriors
  12 sea snakes
  22 deep trolls
  21 flayed ghosts
  3 death drakes
  A gelid demonspawn (Depths:4)
  2 swamp dragons (shapeshifter)
  4 wizards
  26 glowing orange brains
  2 golden dragon zombies (Abyss:1)
  10 unseen horrors
  3 anaconda zombies
  3 deep trolls (shapeshifter)
  2 golden dragon skeletons (Abyss:1)
  11 phantasmal warriors
  4 swamp dragons
  5 shadow demons
  2 harpies (shapeshifter)
  19 ironbrand convokers
  2 obsidian statues
  18 deep elf archers
  2 wolf spider zombies
  6 necromancers
  An orb spider (shapeshifter) (Vaults:3)
  3 anaconda skeletons (Abyss:1)
  22 harpies
  7 oklob plants
  A mana viper (shapeshifter) (Depths:5)
  19 orc knights
  2 stone giant zombies
  A sphinx zombie (Vaults:4)
  A shadow dragon skeleton (Abyss:1)
  A salamander (Abyss:1)
  9 orc sorcerers
  3 fire giant zombies
  An iron dragon zombie (Abyss:1)
  75 ugly things
  60 deep elf magi
  28 wolf spiders
  A frost giant zombie (Crypt:2)
  2 shining eyes (Abyss:1)
  2 frost giant skeletons (Abyss:1)
  2 draconians (Abyss:3)
  3 mana vipers
  25 orb spiders
  10 fauns
  9 cyclopes
  6 manticores
  3 moths of wrath (Zot:1)
  50 worldbinders
  13 vault sentinels
  6 elephants (Lair:6)
  2 human skeletons (WizLab)
  3 moths of wrath (shapeshifter)
  A centaur zombie (D:12)
  A fire giant skeleton (Vaults:4)
  8 rust devils
  3 iron dragon skeletons
  13 merfolk sirens
  3 naga magi
  3 stone giant skeletons
  Maurice (D:8)
  26 apocalypse crabs
  2 gargoyles
  9 guardian serpents
  5 water nymphs
  An eye of devastation (shapeshifter) (Depths:5)
  7 black mambas
  Joseph (D:9)
  2 eyes of devastation
  6 torpor snails
  6 ice statues
  A spiny frog (shapeshifter) (Depths:1)
  4 spiny frogs
  103 smoke demons
  A dire elephant skeleton (Abyss:2)
  38 orange demons
  2 human zombies
  27 efreet
  65 yaktaurs
  An emperor scorpion zombie (Abyss:1)
  2 rime drakes (shapeshifter) (Abyss:2)
  36 freezing wraiths
  A redback zombie (Crypt:3)
  10 hellions
  8 komodo dragons
  6 rime drakes
  A komodo dragon (shapeshifter) (Vaults:4)
  10 kobold demonologists
  A yellow draconian skeleton (Crypt:1)
  19 demonic crawlers
  4 tengu conjurers
  12 red devils
  10 tormentors
  6 polar bears (Lair:2)
  114 ancient zymes
  26 hellwings
  2 queen bees (shapeshifter)
  44 guardian mummies
  25 ice devils
  A catoblepas skeleton (Abyss:1)
  35 jumping spiders
  A silent spectre (Abyss:3)
  2 trolls (shapeshifter)
  A hydra zombie (Abyss:1)
  34 merfolk
  2 meliai (shapeshifter)
  A harpy zombie (Abyss:1)
  A meliai (Abyss:4)
  10 trolls
  Grinder (D:4)
  4 wind drakes
  20 hornets
  3 hydra skeletons
  A satyr zombie (Crypt:3)
  A wind drake (shapeshifter) (Abyss:1)
  35 blink frogs
  A blink frog (shapeshifter) (Vaults:5)
  308 raiju
  44 slime creatures
  An ice dragon zombie (Abyss:1)
  A dream sheep (shapeshifter) (Depths:5)
  5 hippogriffs
  3 bog bodies
  2 iron dragon simulacra (Abyss:1)
  A hippogriff (shapeshifter) (Depths:2)
  11 snapping turtles
  2 frost giant simulacra
  3 ettin zombies
  A fire giant simulacrum (Abyss:1)
  4 dream sheep
  3 fire dragon skeletons
  80 flying skulls
  A black mamba zombie (Abyss:1)
  103 redbacks
  An alligator skeleton (Abyss:2)
  An ice dragon skeleton (Abyss:2)
  12 shadows
  31 tarantellas
  3 air elementals
  8 vampires
  96 ynoxinuls
  A redback (shapeshifter) (Vaults:1)
  11 spriggans
  A spriggan (shapeshifter) (Vaults:2)
  31 wraiths
  An ettin skeleton (Abyss:2)
  2 tarantellas (shapeshifter)
  3 wyverns
  A dire elephant simulacrum (Abyss:2)
  39 fire bats
  24 water elementals
  5 basilisks
  8 fire elementals
  14 ushabtiu
  3 black mamba skeletons
  24 yaks
  A golden eye (shapeshifter) (Abyss:2)
  8 golden eyes
  7 hogs
  A tyrant leech zombie (Crypt:2)
  A human (D:7)
  3 steam dragons (Depths:5)
  A wind drake skeleton (Crypt:1)
  A basilisk (shapeshifter) (Vaults:5)
  71 chaos spawn
  80 neqoxecs
  9 hungry ghosts
  10 vampire mosquitoes
  24 insubstantial wisps
  4 nagas
  A naga (shapeshifter) (Vaults:4)
  64 spatial vortices
  14 wargs
  A warg (shapeshifter) (Gauntlet)
  A soldier ant (shapeshifter) (Abyss:1)
  A merfolk zombie (Abyss:1)
  24 soldier ants (Spider:3)
  4 acid dragons
  An acid dragon (shapeshifter) (Abyss:2)
  3 spiny frog zombies
  A gelid demonspawn skeleton (WizLab)
  17 water moccasins
  A water moccasin (shapeshifter) (Abyss:1)
  11 porcupines
  32 hell hounds
  65 orc warriors
  A floating eye (shapeshifter) (Depths:2)
  10 sky beasts
  19 ice beasts
  2 swamp drakes (Lair:6)
  2 black bears (shapeshifter)
  11 black bears
  5 eyes of draining
  2 black mamba simulacra
  3 phantoms
  2 fire dragon simulacra
  3 necrophages
  4 snapping turtle zombies
  A dream sheep skeleton (Crypt:1)
  18 centaurs
  2 eyes of draining (shapeshifter)
  33 ogres
  A manticore skeleton (Crypt:1)
  41 boggarts
  A manticore zombie (Abyss:1)
  A lindwurm skeleton (Crypt:3)
  4 wolves
  A swamp dragon skeleton (Abyss:1)
  318 small abominations
  12 crocodiles
  12 big kobolds
  17 bullfrogs
  2 gnoll sergeants
  7 earth elementals
  3 water moccasin zombies
  A wyvern zombie (D:14)
  3 wyvern skeletons
  6 scorpions
  A troll zombie (Abyss:1)
  A spriggan zombie (Abyss:3)
  A hornet simulacrum (D:15)
  36 wights
  10 killer bees
  A snapping turtle simulacrum (Abyss:1)
  8 howler monkeys
  3 electric eels
  17 crimson imps
  A wolf skeleton (Crypt:3)
  A bullfrog zombie (D:13)
  515 starcursed masses
  70 quasits
  5 hounds
  6 centaur skeletons
  A gnoll shaman (D:8)
  12 jellies
  28 orc priests
  38 orc wizards
  2 bullfrog skeletons
  62 iron imps
  9 iguanas
  2 hell rats (Lair:1)
  26 worker ants
  2 spriggan simulacra (Abyss:1)
  3 killer bee zombies
  A deep dwarf zombie (Crypt:3)
  2 ogre zombies
  A naga skeleton (Crypt:2)
  A tengu zombie (Abyss:2)
  An ogre skeleton (Crypt:2)
  13 mummies
  A tengu skeleton (Abyss:1)
  A hound zombie (D:6)
  A worker ant zombie (D:6)
  15 gnolls
  A howler monkey skeleton (D:5)
  11 adders
  A scorpion zombie (Crypt:3)
  14 river rats
  13 shadow imps
  59 white imps
  63 ufetubi
  5 oozes
  3 worms
  3 dart slugs
  6 leopard geckos
  163 orcs
  10 giant cockroaches
  8 goblins
  8 hobgoblins
  10 jackals
  5 quokkas
  5 ball pythons (Sewer)
  8 bats
  6 frilled lizards
  A jackal skeleton (Crypt:1)
  2 jackal zombies
  63 kobolds
  A kobold simulacrum (Abyss:2)
  A kobold skeleton (Abyss:1)
  A leopard gecko skeleton (D:5)
  A quokka skeleton (D:5)
  12 rats
  A rat skeleton (Crypt:2)
  2 crawling corpses (Elf:3)
  3 fungi (Lair:5)
  3 lurking horrors
  11 plants
  128 starspawn tentacles
  A tentacle (Abyss:1)
6796 creatures vanquished.

Vanquished Creatures (collateral kills)
  2 greater mummies (Tomb:1)
  A lich (Tomb:1)
  The ghost of Moutitz the Tortoise, an adept MiFi of the Shining One (Vaults:4)
  A sphinx (Tomb:1)
  A death scarab (Tomb:1)
  An orb spider (Spider:4)
  3 guardian mummies (Tomb:1)
  2 redbacks (Spider:4)
  2 ushabtiu (Tomb:1)
  A hungry ghost (D:11)
  9 mummies (Tomb:1)
24 creatures vanquished.

Vanquished Creatures (others)
  A tentacled monstrosity (Abyss:3)
  Asterion (Spider:1)
  A draconian knight (Depths:5)
  A draconian scorcher (Zot:1)
  A stone giant (Vaults:3)
  An ogre mage (Vaults:4)
  A vampire mage (Depths:1)
  A hell hog (Abyss:1)
  A sixfirhy (Abyss:2)
  2 deep elf knights
  A necromancer (Vaults:3)
  A worldbinder (Abyss:1)
  A deep elf mage (Elf:3)
  2 raiju
  A shadow (Abyss:1)
  4 golden eyes (Abyss:1)
  A warg (D:11)
  A boggart (Depths:3)
  An eye of draining (Abyss:2)
  9 small abominations
  A killer bee (D:8)
  A wight (Abyss:2)
  3 starcursed masses (Abyss:1)
  A mummy (Tomb:1)
  3 white imps (IceCv)
  3 ufetubi
  A kobold (Abyss:2)
  A bush (Abyss:1)
  5 fungi (Lair:6)
  27 lurking horrors
  18 plants
  264 starspawn tentacles
  6 tentacles (Abyss:1)
367 creatures vanquished.

Grand Total: 7187 creatures vanquished

Notes
Turn   | Place    | Note
-------+----------+-------------------------------------------
     0 | D:1      | twoshot the Deep Dwarf Fighter began the quest for the Orb.
     0 | D:1      | Reached XP level 1. HP: 20/20 MP: 1/1
   140 | D:1      | Reached XP level 2. HP: 22/28 MP: 2/2
   404 | D:1      | Reached XP level 3. HP: 33/34 MP: 3/3
   737 | D:2      | Found an ornate altar of the Wu Jian Council.
  1188 | D:3      | Reached XP level 4. HP: 28/43 MP: 4/4
  1319 | D:3      | Reached skill level 1 in Axes
  1319 | D:3      | Reached skill level 1 in Spellcasting
  1322 | D:3      | Reached XP level 5. HP: 45/50 MP: 4/7
  2059 | D:4      | Noticed Grinder
  2074 | D:4      | Killed Grinder
  2074 | D:4      | Reached XP level 6. HP: 40/57 MP: 8/10
  2168 | D:4      | Reached XP level 7. HP: 44/63 MP: 12/12
  2486 | D:4      | Reached skill level 5 in Axes
  2678 | D:4      | Reached XP level 8. HP: 62/72 MP: 15/15
  3171 | D:5      | Entered Level 5 of the Dungeon
  3176 | D:5      | Reached skill level 5 in Spellcasting
  3232 | D:5      | Noticed FrozenTrovador's ghost (amateur HuNe)
  3238 | D:5      | Found a runed translucent door.
  3360 | D:5      | Found a glowing drain.
  3391 | Sewer    | Entered a sewer
  3919 | D:5      | Found a staircase to the Ecumenical Temple.
  3973 | Temple   | Entered the Ecumenical Temple
  4250 | Temple   | Became a worshipper of Makhleb the Destroyer
  4366 | D:5      | Found a shimmering blue altar of Sif Muna.
  4366 | D:5      | Found a sparkling altar of Nemelex Xobeh.
  4371 | D:5      | Found a bloodstained altar of Trog.
  4373 | D:5      | Found a blossoming altar of Fedhas.
  4374 | D:5      | Found a hazy altar of Hepliaklqana.
  4631 | D:6      | Found a radiant altar of Vehumet.
  4844 | D:6      | Found a sacrificial altar of Ru.
  5048 | D:7      | Found an ancient bone altar of Kikubaaqudgha.
  5087 | D:7      | Gained mutation: You passively map the area around you.
                  | [Deep Dwarf growth]
  5087 | D:7      | Reached XP level 9. HP: 74/78 MP: 16/16
  5095 | D:7      | Reached skill level 10 in Axes
  5247 | D:7      | Found a glowing silver altar of Zin.
  5252 | D:7      | Found an opulent altar of Gozag.
  5332 | D:7      | Reached * piety under Makhleb
  5494 | D:7      | Noticed a kobold demonologist
  5495 | D:7      | Noticed a kobold demonologist
  5497 | D:7      | Noticed an orange demon
  5502 | D:7      | Noticed a soul eater
  5505 | D:7      | Killed a kobold demonologist
  5510 | D:7      | Killed a kobold demonologist
  6096 | D:8      | Reached ** piety under Makhleb
  6096 | D:8      | Reached XP level 10. HP: 45/85 MP: 17/17
  6341 | D:8      | Noticed a two-headed ogre
  6358 | D:8      | Killed a two-headed ogre
  6452 | D:8      | Noticed Maurice
  6479 | D:8      | Killed Maurice
  6758 | D:8      | Noticed Erica
  6769 | D:8      | Killed Erica
  6769 | D:8      | Reached skill level 5 in Evocations
  6934 | D:8      | Reached skill level 1 in Dodging
  7009 | D:9      | Noticed a +0 dagger
  7009 | D:9      | Noticed a +0 dagger
  7022 | D:9      | Found a hide-covered altar of Uskayaw.
  7170 | D:9      | Got a spiked shield
  7181 | D:9      | Identified the +5 shield of Vygelex {-Cast rN++ MR+} (You
                  | found it on level 9 of the Dungeon)
  7325 | D:9      | Noticed Joseph
  7328 | D:9      | Found an iron altar of Okawaru.
  7349 | D:9      | Killed Joseph
  7602 | D:9      | Reached *** piety under Makhleb
  7675 | D:10     | Entered Level 10 of the Dungeon
  7700 | D:10     | Noticed a gargoyle
  7716 | D:10     | Killed a gargoyle
  7716 | D:10     | Reached XP level 11. HP: 77/93 MP: 16/16
  7860 | D:10     | Reached skill level 5 in Armour
  7876 | D:10     | Reached skill level 5 in Shields
  7913 | D:10     | Noticed Nergalle
  7927 | D:10     | Killed Nergalle
  7927 | D:10     | Reached skill level 5 in Fighting
  7972 | D:10     | Reached **** piety under Makhleb
  8039 | D:10     | Noticed a two-headed ogre
  8050 | D:10     | Killed a two-headed ogre
  8087 | D:10     | Noticed a two-headed ogre
  8096 | D:10     | Killed a two-headed ogre
  8150 | D:10     | Reached skill level 10 in Invocations
  8150 | D:10     | Reached XP level 12. HP: 69/103 MP: 16/18
  8264 | D:10     | Found a roughly hewn altar of Beogh.
  8505 | D:10     | Found a staircase to the Orcish Mines.
  8580 | D:10     | Found a portal to a secret trove of treasure.
  8635 | D:11     | Reached skill level 5 in Dodging
  8682 | D:11     | Found a staircase to the Lair.
  8689 | D:11     | Reached ***** piety under Makhleb
  9193 | D:11     | Got a heavily runed crystal plate armour
  9204 | D:11     | Identified the +1 crystal plate armour "Cowkemaz" {Str+3}
                  | (You found it on level 11 of the Dungeon)
  9670 | D:11     | Reached XP level 13. HP: 93/112 MP: 19/19
  9724 | Lair:1   | Entered Level 1 of the Lair of Beasts
  9724 | Lair:1   | Noticed Urug
  9737 | Lair:1   | Killed Urug
  9992 | Lair:1   | You fall into a shaft and drop 1 floor!
 10251 | Lair:2   | Found a snail-covered altar of Cheibriados.
 11061 | Lair:2   | Reached ****** piety under Makhleb
 11101 | Lair:2   | Identified a scroll of acquirement
 11243 | Lair:2   | Got a translucent battleaxe
 11249 | Lair:2   | Identified the +4 battleaxe of Cheibriados's Approval
                  | {drain, rF+ MR+ Str+2 Stlth+} (You acquired it on level 2
                  | of the Lair of Beasts)
 11583 | Lair:3   | Found a hole to the Spider Nest.
 12147 | Lair:3   | Found a staircase to the Shoals.
 12389 | Lair:4   | Found a runed translucent door.
 12397 | Lair:4   | Noticed Borgoz's ghost (journeyman GrFi)
 12409 | Lair:4   | Found a gate leading to a gauntlet.
 12428 | Gauntlet | Entered a Gauntlet
 12428 | Gauntlet | Found a transporter.
 12435 | Gauntlet | Found a transporter.
 12437 | Gauntlet | Found a transporter.
 12446 | Gauntlet | Found a transporter.
 12448 | Gauntlet | Found a transporter.
 12457 | Gauntlet | Found a transporter.
 12473 | Gauntlet | Found a transporter.
 12483 | Gauntlet | Found a transporter.
 12493 | Gauntlet | Found a transporter.
 12497 | Gauntlet | Noticed a fire dragon
 12497 | Gauntlet | a wolf spider changed into a fire dragon
 12498 | Gauntlet | a fire dragon changed into an ice dragon
 12508 | Gauntlet | Found a transporter.
 12523 | Gauntlet | Found a transporter.
 12533 | Gauntlet | Found a transporter.
 12538 | Gauntlet | Found a transporter.
 12556 | Gauntlet | Noticed a spark wasp
 12556 | Gauntlet | a wolf spider changed into a spark wasp
 12593 | Gauntlet | Noticed a fire dragon
 12593 | Gauntlet | a slime creature changed into a fire dragon
 12596 | Gauntlet | a fire dragon changed into a shock serpent
 12605 | Gauntlet | Found a transporter.
 12638 | Gauntlet | Paralysed by a hornet for 1 turns
 12726 | Gauntlet | Noticed a minotaur
 12739 | Gauntlet | Killed a minotaur
 12744 | Gauntlet | Got a pitted morningstar
 12745 | Gauntlet | Identified the +1 morningstar of Rabluh {protect, +Fly
                  | rPois rF+} (You found it in a Gauntlet)
 12779 | Gauntlet | Got a faintly glowing scale mail
 12789 | Gauntlet | Identified the +2 scale mail of the Onion {rC+ rN+ MR+
                  | Int-5} (You found it in a Gauntlet)
 12840 | Lair:4   | Noticed Rupert
 12858 | Lair:4   | Killed Rupert
 12858 | Lair:4   | Gained mutation: You resist negative energy. (rN+) [Deep
                  | Dwarf growth]
 12858 | Lair:4   | Reached XP level 14. HP: 87/126 MP: 19/19
 13637 | Lair:4   | Killed Borgoz's ghost
 14386 | Lair:6   | Entered Level 6 of the Lair of Beasts
 14473 | Lair:6   | Reached skill level 10 in Armour
 15108 | Lair:6   | Reached skill level 10 in Dodging
 15139 | Lair:6   | Identified the +11 spear of Xempel {flame, Dex+2} (You
                  | found it on level 6 of the Lair of Beasts)
 15385 | Lair:6   | Found a runed translucent door.
 15386 | Lair:6   | Noticed saltlakrits's ghost (journeyman GrGl)
 15387 | Lair:6   | Identified the +2 spear of Eqyi {pain, Stlth+}
 15593 | Lair:6   | Found a viscous altar of Jiyva.
 15594 | Lair:6   | Found a staircase to the Slime Pits.
 15962 | Lair:6   | Killed saltlakrits's ghost
 16121 | Orc:1    | Entered Level 1 of the Orcish Mines
 16424 | Orc:1    | Noticed Harold
 16434 | Orc:1    | Killed Harold
 16540 | Orc:2    | Entered Level 2 of the Orcish Mines
 16582 | Orc:2    | Found a dark tunnel.
 16601 | Volcano  | Entered a volcano
 16664 | Volcano  | Reached XP level 15. HP: 129/136 MP: 19/19
 16932 | Orc:2    | Noticed an orc warlord
 16962 | Orc:2    | Killed an orc warlord
 16983 | Orc:2    | Found Pacsiss's Antique Weapon Emporium.
 16988 | Orc:2    | Found Tacw's Antique Armour Shoppe.
 16989 | Orc:2    | Found a roughly hewn altar of Beogh.
 17214 | Orc:2    | Found a staircase to the Elven Halls.
 17290 | Orc:2    | Found a roughly hewn altar of Beogh.
 17333 | Orc:2    | Found a roughly hewn altar of Beogh.
 17354 | Orc:2    | Found a roughly hewn altar of Beogh.
 17493 | Orc:2    | Noticed an orc warlord
 17494 | Orc:2    | Noticed Sonja
 17506 | Orc:2    | Reached skill level 10 in Fighting
 17506 | Orc:2    | Reached skill level 15 in Invocations
 17513 | Orc:2    | Killed an orc warlord
 17523 | Orc:2    | Killed Sonja
 17582 | Orc:2    | Found a roughly hewn altar of Beogh.
 17583 | Orc:2    | Found Edukleri's Gadget Shoppe.
 17727 | Orc:2    | Found a roughly hewn altar of Beogh.
 17731 | Orc:2    | Found Jaoputto's Weapon Shop.
 17803 | Orc:2    | Found a roughly hewn altar of Beogh.
 17946 | Orc:2    | Found a roughly hewn altar of Beogh.
 18239 | D:12     | Noticed Josephine
 18253 | D:12     | Killed Josephine
 18493 | D:12     | Found a gateway to a bazaar.
 18691 | Bazaar   | Entered a bazaar
 18700 | Bazaar   | Found Okakh's Antique Weapon Emporium.
 18713 | Bazaar   | Found Xilah's Antique Weapon Shoppe.
 18728 | Bazaar   | Found Reabos's Antique Armour Shoppe.
 18739 | Bazaar   | Found Ytwic's Antique Armour Emporium.
 18823 | Bazaar   | Bought gold dragon scales for 1920 gold pieces
 19830 | D:13     | Reached skill level 15 in Axes
 20168 | D:14     | Found a gate to the Vaults.
 20839 | D:14     | Found a white marble altar of Elyvilon.
 21278 | D:15     | Entered Level 15 of the Dungeon
 21298 | D:15     | Found Omashy's Antique Weapon Shop.
 21428 | D:15     | Found a runed translucent gate.
 21429 | D:15     | Found a runed translucent gate.
 21430 | D:15     | Found a runed translucent gate.
 21472 | D:15     | Noticed Borgoz's ghost (journeyman GrFi)
 21567 | D:15     | Reached XP level 16. HP: 127/148 MP: 20/20
 21749 | D:15     | Found a staircase to the Depths.
 22230 | Spider:1 | Entered Level 1 of the Spider Nest
 22443 | Spider:1 | Noticed Kirke
 22476 | Spider:1 | Killed Kirke
 22939 | Spider:1 | Noticed Asterion
 22947 | Spider:1 | Killed Asterion
 23269 | Spider:2 | Noticed Roxanne
 24396 | Spider:3 | Reached XP level 17. HP: 157/159 MP: 7/21
 24567 | Spider:3 | Identified the ring of Serendipity {rPois rN+ Str+5 Dex+4}
                  | (You found it on level 3 of the Spider Nest)
 25140 | Spider:4 | Entered Level 4 of the Spider Nest
 26291 | Spider:4 | Got a gossamer rune of Zot
 27043 | Vaults:1 | Entered Level 1 of the Vaults
 27213 | Vaults:1 | Found Tiorr's Magic Scroll Shop.
 27240 | Vaults:1 | Bought 3 scrolls of blinking for 382 gold pieces
 27240 | Vaults:1 | Bought a scroll of enchant weapon for 127 gold pieces
 27240 | Vaults:1 | Bought a scroll of silence for 127 gold pieces
 27560 | Vaults:1 | Found Unexon's General Store.
 27572 | Vaults:1 | Bought a scroll of enchant weapon for 142 gold pieces
 27630 | Vaults:1 | Found Soteorob's Distillery.
 27634 | Vaults:1 | Bought a potion of might for 52 gold pieces
 27634 | Vaults:1 | Bought a potion of agility for 52 gold pieces
 27864 | Vaults:1 | Found Vequorgh's Armour Boutique.
 27964 | Vaults:1 | Gained mutation: You passively map a large area around you.
                  | [Deep Dwarf growth]
 27964 | Vaults:1 | Reached XP level 18. HP: 171/171 MP: 19/19
 28036 | Vaults:1 | Reached skill level 15 in Armour
 28371 | Vaults:2 | Found a magical portal.
 28396 | WizLab   | Found a transporter.
 28499 | WizLab   | Found a corrupted altar of Lugonu.
 28500 | WizLab   | Found the +1 cloak of Starlight {rElec rC+ EV+4 Stlth--}
 28560 | WizLab   | Found a transporter.
 28595 | WizLab   | Found a transporter.
 28629 | WizLab   | Found a transporter.
 28696 | WizLab   | Found a transporter.
 28710 | WizLab   | Found a transporter.
 28723 | WizLab   | Found a transporter.
 28729 | WizLab   | Found a transporter.
 28767 | WizLab   | Found a transporter.
 28827 | WizLab   | Found a transporter.
 28871 | WizLab   | Found a transporter.
 28871 | WizLab   | Found a corrupted altar of Lugonu.
 28981 | WizLab   | Found a transporter.
 28981 | WizLab   | Found a transporter.
 29007 | WizLab   | Found a transporter.
 29044 | WizLab   | Found a transporter.
 29044 | WizLab   | Found a transporter.
 29071 | WizLab   | Found a transporter.
 29071 | WizLab   | Found a transporter.
 29190 | WizLab   | Identified the +0 cloak of Resourcefulness {rF++ Str-3
                  | Int+7} (You found it in a wizard's laboratory)
 29205 | WizLab   | Identified the +8 rapier "Goblin's Undoing" {drain, rF-
                  | Str+3 Dex+3} (You found it in a wizard's laboratory)
 29212 | WizLab   | Identified the +4 cloak of the Maze {rC++} (You found it in
                  | a wizard's laboratory)
 29244 | WizLab   | Found a transporter.
 29244 | WizLab   | Found a transporter.
 29295 | WizLab   | Paralysed by accursed screaming for 1 turns
 29308 | WizLab   | Reached skill level 15 in Dodging
 29594 | Vaults:2 | Noticed Aizul
 29625 | Vaults:2 | Killed Aizul
 30872 | Lair:4   | Identified the +0 ring mail of Midwinter {+Fly rPois Int-5}
                  | (You found it on level 4 of the Lair of Beasts)
 30918 | Shoals:1 | Entered Level 1 of the Shoals
 31056 | Shoals:1 | Reached XP level 19. HP: 91/182 MP: 19/19
 31091 | Shoals:1 | Found a frozen archway.
 31115 | IceCv    | Entered an ice cave
 31387 | IceCv    | Identified a +1 pair of boots of running (You found it in
                  | an ice cave)
 32328 | Shoals:2 | Noticed Ilsuiw
 32435 | Shoals:2 | Noticed Polyphemus
 32472 | Shoals:2 | Killed Polyphemus
 32475 | Shoals:2 | Reached skill level 10 in Shields
 32705 | Elf:1    | Entered Level 1 of the Elven Halls
 33655 | Elf:1    | Gained mutation: You occasionally shout uncontrollably at
                  | your foes. [a neqoxec]
 34096 | Elf:2    | Reached skill level 5 in Long Blades
 34321 | Elf:2    | Found a radiant altar of Vehumet.
 34412 | Elf:2    | Reached skill level 1 in Short Blades
 34530 | Elf:2    | Found a runed translucent gate.
 34532 | Elf:2    | Found a runed translucent gate.
 34535 | Elf:2    | Found a runed translucent gate.
 34909 | Elf:2    | Noticed Azrael
 34945 | Elf:2    | Killed Azrael
 35824 | Elf:3    | Entered Level 3 of the Elven Halls
 35842 | Elf:3    | Identified the +4 falchion "Killer Bee's Foe" {drain,
                  | *Noise rElec rPois Stlth-} (You found it on level 3 of the
                  | Elven Halls)
 36260 | Elf:3    | Noticed a Tzitzimitl
 36269 | Elf:3    | Noticed a Brimstone Fiend
 36282 | Elf:3    | Noticed a Brimstone Fiend
 36826 | Vaults:2 | Reached skill level 5 in Short Blades
 37103 | Vaults:3 | Reached XP level 20. HP: 192/192 MP: 16/16
 37427 | Vaults:3 | Found a staircase to the Crypt.
 37477 | Vaults:3 | Reached skill level 10 in Long Blades
 39008 | Vaults:4 | Reached XP level 21. HP: 199/199 MP: 16/16
 39458 | Vaults:4 | Found a runed translucent gate.
 39458 | Vaults:4 | Found a runed translucent gate.
 39458 | Vaults:4 | Found a runed translucent gate.
 39459 | Vaults:4 | Found an opulent altar of Gozag.
 39459 | Vaults:4 | Found Sigacy's Assorted Antiques.
 39460 | Vaults:4 | Noticed Moutitz's ghost (adept MiFi)
 39575 | Vaults:4 | Killed Moutitz's ghost
 39608 | Vaults:4 | Bought a pair of glowing gloves for 322 gold pieces
 39608 | Vaults:4 | Bought a pair of spiked gloves for 408 gold pieces
 39608 | Vaults:4 | Identified the +0 pair of gloves of Ajesock {+Blink rPois
                  | Dex+4} (You bought it in a shop on level 4 of the Vaults)
 39845 | Vaults:5 | Entered Level 5 of the Vaults
 39851 | Vaults:5 | Noticed a golden dragon
 39866 | Vaults:5 | Killed a golden dragon
 39917 | Vaults:5 | Noticed a golden dragon
 39956 | Vaults:5 | Killed a golden dragon
 39997 | Vaults:5 | Identified the +8 hand crossbow of Spring {velocity, rC+
                  | Int+7 Dex-4}
 40023 | Vaults:5 | Identified the ring of Paso Nua {rPois rCorr Str+3}
 40099 | Vaults:5 | Reached XP level 22. HP: 208/208 MP: 13/13
 40122 | Vaults:5 | Reached skill level 15 in Fighting
 40217 | Vaults:5 | Noticed a golden dragon
 40244 | Vaults:5 | Killed a golden dragon
 40484 | Vaults:5 | Got a silver rune of Zot
 40488 | Vaults:5 | Identified the +1 dire flail "Waunohor" {speed, rPois Str+7
                  | Int-2} (You found it on level 5 of the Vaults)
 40696 | Vaults:5 | Got a pair of bloodstained gloves
 40707 | Vaults:5 | Identified the +1 pair of gloves of Inevitability {Str+4}
                  | (You acquired it on level 5 of the Vaults)
 40754 | Vaults:5 | Identified the Papyrus of Companions and Curses
 41790 | Depths:1 | Entered Level 1 of the Depths
 42057 | D:10     | You paid a toll of +4 ice dragon scales to enter a treasure
                  | trove
 42058 | Trove    | Entered a treasure trove
 42067 | Trove    | Got a flickering bronze amulet
 42069 | Trove    | Got a coiled platinum ring
 42071 | Trove    | Got a fine pewter ring
 42073 | Trove    | Got a fine silver ring
 42084 | Trove    | Identified the amulet "Wulucreloa" {Spirit *Drain rF+ Int+3
                  | Dex+5} (You found it in a treasure trove)
 42085 | Trove    | Identified the ring of Gaede {rElec Dex+5 Slay+4 Stlth-}
                  | (You found it in a treasure trove)
 42086 | Trove    | Identified the ring "Jyitoaz" {Str+2 Int+6 Slay+4 Stlth-}
                  | (You found it in a treasure trove)
 42087 | Trove    | Identified the ring "Isiduil" {rF+ rC+ rN+ MR-} (You found
                  | it in a treasure trove)
 42105 | Trove    | Got a wavering emerald amulet
 42126 | Trove    | Got a scintillating steel ring
 42128 | Trove    | Got a pitted copper amulet
 42130 | Trove    | Got a transparent glass ring
 42132 | Trove    | Got an ancient brass ring
 42367 | Shoals:2 | Killed Ilsuiw
 42407 | Shoals:2 | Noticed Nikola
 42425 | Shoals:2 | Killed Nikola
 42425 | Shoals:2 | Reached XP level 23. HP: 208/219 MP: 12/12
 43112 | D:15     | Killed Borgoz's ghost
 43278 | Depths:1 | Found a runed translucent gate.
 43278 | Depths:1 | Found a runed translucent gate.
 43278 | Depths:1 | Found a runed translucent gate.
 43378 | Depths:1 | Found a gateway to Hell.
 43581 | Depths:1 | You fall into a shaft and drop 1 floor!
 43585 | Depths:2 | Noticed a caustic shrike
 43604 | Depths:2 | Killed a caustic shrike
 43623 | Depths:2 | Paralysed by a floating eye for 4 turns
 43624 | Depths:2 | Noticed a juggernaut
 43632 | Depths:2 | Paralysed by a floating eye for 3 turns
 43652 | Depths:2 | Killed a juggernaut
 43776 | Depths:2 | Noticed a caustic shrike
 43784 | Depths:2 | Killed a caustic shrike
 44307 | Depths:2 | Identified the ring of Eternal Harmony {rPois rC+} (You
                  | found it in a treasure trove)
 44534 | Depths:2 | Identified the ring of the Mackerel {Wiz *Drain rPois rC+++
                  | rN+++} (You found it in a treasure trove)
 44676 | Depths:3 | Found Ollu's General Store.
 44713 | Depths:3 | Reached skill level 15 in Shields
 44754 | Depths:3 | Reached XP level 24. HP: 231/231 MP: 12/12
 45018 | Depths:3 | Found a one-way gate leading to the halls of Pandemonium.
 45607 | Depths:4 | Identified the amulet "Orchaxil" {Reflect rPois Str-5
                  | Dex+10 SH+2 Stlth-} (You found it in a treasure trove)
 45901 | Depths:4 | Found the ring of the Mage {Wiz MR++ Int+3}
 46386 | Depths:4 | Found a flickering gateway to a bazaar.
 46457 | Depths:4 | Found a gateway to a ziggurat.
 46531 | Depths:4 | Found a one-way gate to the infinite horrors of the Abyss.
 47007 | Depths:5 | Entered Level 5 of the Depths
 47020 | Depths:5 | Identified the amulet of Vasihiut {Spirit rC+} (You found
                  | it in a treasure trove)
 47075 | Depths:5 | Noticed a juggernaut
 47094 | Depths:5 | Killed a juggernaut
 47323 | Depths:5 | Found Nukehit's Armour Shop.
 47421 | Depths:5 | Reached XP level 25. HP: 243/243 MP: 12/12
 47577 | Depths:5 | Found a gate to the Realm of Zot.
 48523 | Elf:3    | Identified the +6 lajatang "Soaruk" {chaos, rC+ MR+ MP+9
                  | Str-4}
 48525 | Elf:3    | Identified the cursed +1 bardiche "Naiconif" {chop, MR+}
 48555 | Elf:3    | Identified the +6 halberd of Destiny {elec, rN+ Str+3
                  | Int-5}
 48840 | Elf:3    | Found the +0 sword of Power
 48847 | Elf:3    | Identified Suadijad's Handbook of Dark Lightness
 48858 | Elf:3    | Identified the Reference Book on Unholy Cold
 49338 | Shoals:3 | Identified the ring "Haodali" {rPois rF+ MP+9 Str-2 SInv}
                  | (You found it in a treasure trove)
 49339 | Shoals:3 | Identified the amulet of Joeddoes {RegenMP rC+} (You found
                  | it on level 3 of the Shoals)
 49490 | Shoals:3 | Noticed Donald
 49504 | Shoals:3 | Killed Donald
 49779 | Shoals:4 | Entered Level 4 of the Shoals
 49819 | Shoals:4 | Noticed Mara
 49825 | Shoals:4 | Noticed twoshot's illusion
 50408 | Depths:4 | Voluntarily entered the Abyss.
 50683 | Abyss:1  | Paralysed by accursed screaming for 1 turns
 50764 | Abyss:1  | Gained mutation: Armour fits poorly on your strangely
                  | shaped body. [a neqoxec]
 50774 | Depths:4 | Escaped the Abyss
 51183 | Temple   | Fell from the grace of Makhleb
 51183 | Temple   | Became a worshipper of the Shining One
 51615 | Crypt:1  | Entered Level 1 of the Crypt
 51744 | Crypt:1  | Reached * piety under the Shining One
 51933 | Crypt:1  | Reached ** piety under the Shining One
 51948 | Crypt:1  | Reached *** piety under the Shining One
 52495 | Crypt:1  | Reached **** piety under the Shining One
 52731 | Crypt:2  | Reached ***** piety under the Shining One
 53066 | Crypt:2  | Noticed Jory
 53075 | Crypt:2  | Killed Jory
 53075 | Crypt:2  | Reached ****** piety under the Shining One
 53167 | Crypt:2  | Identified a +9 eudemon blade of holy wrath (a +9 demon
                  | blade of freezing blessed by the Shining One)
 53167 | Crypt:2  | Received a gift from the Shining One
 53233 | Crypt:2  | Found the +3 giant club "Skullcrusher" {speed, Str+7}
 53377 | Crypt:2  | Reached XP level 26. HP: 255/255 MP: 8/8
 53380 | Crypt:2  | Found a runed translucent door.
 53381 | Crypt:2  | Noticed an ancient lich
 53393 | Crypt:2  | Killed an ancient lich
 53491 | Crypt:3  | Entered Level 3 of the Crypt
 53591 | Crypt:3  | Found a staircase to the Tomb.
 53729 | Crypt:3  | Noticed Sojobo
 53745 | Crypt:3  | Killed Sojobo
 54172 | Crypt:3  | Noticed a greater mummy
 54188 | Crypt:3  | Killed a greater mummy
 55195 | Depths:4 | Voluntarily entered the Abyss.
 55337 | Abyss:1  | Found an ancient bone altar of Kikubaaqudgha.
 55626 | Abyss:1  | Found a corrupted altar of Lugonu.
 55875 | Depths:4 | Escaped the Abyss
 56418 | Depths:1 | Noticed an ancient lich
 56419 | Depths:1 | Noticed Aladinah's ghost (adept GnTm)
 56509 | Depths:1 | Noticed an ancient lich
 56977 | Depths:4 | Voluntarily entered the Abyss.
 57673 | Abyss:1  | Found a snail-covered altar of Cheibriados.
 58117 | Abyss:1  | Identified the amulet "Ciucwasi" {Harm *Drain rC+ Dex+4}
                  | (You found it on level 1 of the Abyss)
 58859 | Abyss:1  | Reached XP level 27. HP: 214/266 MP: 7/7
 59339 | Abyss:2  | Found a corrupted altar of Lugonu.
 59519 | Abyss:2  | Found a sacrificial altar of Ru.
 59541 | Abyss:2  | Was forgiven by Makhleb
 59614 | Abyss:2  | Found a sacrificial altar of Ru.
 59890 | Abyss:2  | Found a corrupted altar of Lugonu.
 59920 | Abyss:2  | Found a corrupted altar of Lugonu.
 61100 | Abyss:2  | Found a corrupted altar of Lugonu.
 61130 | Abyss:2  | Found an iron altar of Okawaru.
 62059 | Abyss:2  | Paralysed by accursed screaming for 1 turns
 62702 | Abyss:3  | Reached skill level 15 in Long Blades
 63045 | Abyss:4  | Gained mutation: You are frail. (-10% HP) [a neqoxec]
 63047 | Abyss:4  | Gained mutation: Your spells are much easier to cast, but
                  | much less powerful. [a neqoxec]
 63121 | Depths:4 | Escaped the Abyss
 63123 | Depths:4 | Voluntarily entered the Abyss.
 63123 | Abyss:1  | Found a corrupted altar of Lugonu.
 63760 | Abyss:1  | Noticed an ancient lich
 63766 | Abyss:1  | Killed an ancient lich
 63878 | Abyss:2  | Gained mutation: You are very frail. (-20% HP) [a neqoxec]
 63945 | Abyss:2  | Found a shimmering blue altar of Sif Muna.
 64184 | Abyss:2  | Paralysed by accursed screaming for 1 turns
 64196 | Abyss:2  | Paralysed by accursed screaming for 2 turns
 64203 | Abyss:2  | Paralysed by accursed screaming for 2 turns
 64231 | Abyss:2  | Paralysed by accursed screaming for 1 turns
 64492 | Abyss:2  | Found a burning altar of Makhleb.
 64523 | Abyss:2  | Reached skill level 10 in Spellcasting
 64565 | Abyss:2  | Found a burning altar of Makhleb.
 64578 | Abyss:2  | Gained mutation: You are extremely frail. (-30% HP) [a
                  | neqoxec]
 65181 | Depths:4 | Escaped the Abyss
 65349 | D:14     | Fell from the grace of the Shining One
 65349 | D:14     | Became a worshipper of Elyvilon the Healer
 65349 | D:14     | Reached * piety under Elyvilon
 65349 | D:14     | Reached ** piety under Elyvilon
 65349 | D:14     | Reached *** piety under Elyvilon
 65349 | D:14     | Reached **** piety under Elyvilon
 65534 | Depths:4 | Voluntarily entered the Abyss.
 65540 | Abyss:1  | Found a corrupted altar of Lugonu.
 65540 | Abyss:1  | Noticed an ancient lich
 65551 | Abyss:1  | Killed an ancient lich
 66008 | Abyss:1  | Found a corrupted altar of Lugonu.
 66261 | Abyss:1  | Paralysed by accursed screaming for 1 turns
 66395 | Abyss:1  | Gained mutation: Scrolls take you longer to read. [a
                  | neqoxec]
 66423 | Abyss:1  | Noticed an ancient lich
 66436 | Abyss:1  | Killed an ancient lich
 66940 | Abyss:1  | Found a radiant altar of Vehumet.
 66966 | Abyss:1  | Found a radiant altar of Vehumet.
 67188 | Abyss:3  | Found a transporter.
 67403 | Abyss:3  | Found a shimmering altar of Xom.
 67467 | Abyss:3  | Found a shimmering altar of Xom.
 67597 | Abyss:3  | Gained mutation: You sometimes yell uncontrollably at your
                  | foes. [a neqoxec]
 67966 | Abyss:3  | Paralysed by accursed screaming for 1 turns
 68102 | Abyss:3  | Found a corrupted altar of Lugonu.
 68588 | Abyss:3  | Gained mutation: You are clumsy. (Dex -2) [a neqoxec]
 68613 | Abyss:3  | Gained mutation: You tend to lose your temper in combat. [a
                  | neqoxec]
 68622 | Abyss:3  | Gained mutation: Your magical capacity is low. (-10% MP) [a
                  | neqoxec]
 68627 | Abyss:3  | Gained mutation: You are weak. (Str -2) [a neqoxec]
 68679 | Abyss:3  | Got an abyssal rune of Zot
 68685 | Abyss:3  | Gained mutation: You have a pair of small horns on your
                  | head. [a neqoxec]
 68688 | Abyss:3  | Gained mutation: You are dopey. (Int -2) [a neqoxec]
 68694 | Abyss:3  | Paralysed by accursed screaming for 1 turns
 68698 | Abyss:3  | Paralysed by accursed screaming for 2 turns
 68713 | Abyss:3  | Gained mutation: You are very dopey. (Int -4) [a cacodemon]
 68721 | Abyss:3  | Gained mutation: Your magical capacity is very low. (-20%
                  | MP) [a neqoxec]
 68731 | Abyss:3  | Lost intelligence.
 68786 | Abyss:4  | Lost intelligence.
 68818 | Abyss:4  | HP: 8/190 [spatial maelstrom (6)]
 68820 | Depths:4 | Escaped the Abyss
 68827 | Depths:4 | Lost mutation: You tend to lose your temper in combat.
                  | [potion of mutation]
 68827 | Depths:4 | Lost mutation: Your magical capacity is very low. (-20% MP)
                  | [potion of mutation]
 68827 | Depths:4 | Lost mutation: You are weak. (Str -2) [potion of mutation]
 68827 | Depths:4 | Gained mutation: Your spells are easier to cast, but less
                  | powerful. [potion of mutation]
 68827 | Depths:4 | Gained mutation: You have a somewhat thin skeletal
                  | structure. (Dex +2, Stealth) [potion of mutation]
 69530 | Shoals:4 | Noticed Louise
 69548 | Shoals:4 | Killed Louise
 69736 | Shoals:4 | Got a barnacled rune of Zot
 69793 | Shoals:4 | Identified the +5 short sword of Evil {pierce, rPois}
 69818 | Shoals:4 | Killed Mara
 70332 | Depths:4 | Voluntarily entered the Abyss.
 70390 | Abyss:1  | Identified the ring "Vaotecza" {rF+ rC+ Int+5 Dex+4} (You
                  | found it on level 1 of the Abyss)
 70732 | Depths:4 | Escaped the Abyss
 71780 | Depths:4 | Voluntarily entered the Abyss.
 71840 | Abyss:1  | Paralysed by accursed screaming for 2 turns
 71847 | Abyss:1  | Paralysed by accursed screaming for 1 turns
 71953 | Depths:4 | Escaped the Abyss
 71963 | Depths:4 | Upgraded the game from 0.25-a0-258-g6d7e32a812 to
                  | 0.25-a0-265-g7af84ae0ac
 71967 | Depths:4 | Voluntarily entered the Abyss.
 72187 | Abyss:1  | Paralysed by accursed screaming for 2 turns
 72200 | Abyss:1  | Paralysed by accursed screaming for 2 turns
 72250 | Depths:4 | Escaped the Abyss
 72293 | Depths:4 | Voluntarily entered the Abyss.
 72528 | Abyss:1  | Gained mutation: You frequently scream uncontrollably at
                  | your foes. [a neqoxec]
 72815 | Abyss:1  | Identified the ring "Lasoaz" {rPois rN+ AC+2 Int+2} (You
                  | found it on level 1 of the Abyss)
 73006 | Abyss:1  | Reached ***** piety under Elyvilon
 73380 | Abyss:1  | Paralysed by you for 2 turns
 75891 | Depths:4 | Escaped the Abyss
 75893 | Depths:4 | Voluntarily entered the Abyss.
 76253 | Abyss:1  | Gained mutation: Scrolls take you longer to read. [a
                  | cacodemon]
 76255 | Abyss:1  | Gained mutation: You are very clumsy. (Dex -4) [a
                  | cacodemon]
 76570 | Abyss:1  | Gained mutation: Your magical capacity is very low. (-20%
                  | MP) [a neqoxec]
 76660 | Abyss:1  | Reached ****** piety under Elyvilon
 77742 | Abyss:1  | Found a corrupted altar of Lugonu.
 77756 | Abyss:1  | Found a corrupted altar of Lugonu.
 78417 | Abyss:1  | Paralysed by accursed screaming for 1 turns
 78627 | Abyss:1  | Gained mutation: Your magical capacity is extremely low.
                  | (-30% MP) [a neqoxec]
 78781 | Abyss:1  | Paralysed by accursed screaming for 1 turns
 79234 | Abyss:1  | Identified the cursed +2 trident "Upno" {venom, rF- MR+
                  | Dex+3 Stlth+} (You found it on level 1 of the Abyss)
 79890 | Abyss:1  | Identified the +5 dire flail of the Extremes {elec, rC+
                  | Dex+3} (You found it on level 1 of the Abyss)
 80170 | Abyss:1  | Identified the +12 plate armour "Plog" {Int+4 Dex+8 Slay-3}
                  | (You found it on level 1 of the Abyss)
 80650 | Abyss:1  | Identified the +0 leather armour "Etirch" {Int+2} (You
                  | found it on level 1 of the Abyss)
 80781 | Abyss:1  | Lost mutation: Scrolls take you longer to read. [a neqoxec]
 80883 | Abyss:2  | Found a corrupted altar of Lugonu.
 81031 | Abyss:2  | Lost mutation: Scrolls take you a little longer to read. [a
                  | neqoxec]
 81609 | Abyss:2  | Gained mutation: Your spells are much easier to cast, but
                  | much less powerful. [a cacodemon]
 82519 | Depths:4 | Escaped the Abyss
 82572 | Depths:4 | Voluntarily entered the Abyss.
 82590 | Abyss:1  | Paralysed by accursed screaming for 1 turns
 82669 | Abyss:1  | Found a sacrificial altar of Ru.
 82905 | Abyss:1  | Found a corrupted altar of Lugonu.
 82988 | Abyss:1  | Paralysed by accursed screaming for 1 turns
 83388 | Abyss:1  | Gained mutation: Scrolls take you much longer to read. [a
                  | neqoxec]
 84108 | Abyss:1  | Reached skill level 1 in Translocations
 84534 | Abyss:1  | Reached skill level 5 in Translocations
 84584 | Abyss:1  | Gained mutation: Scrolls take you longer to read. [a
                  | neqoxec]
 84610 | Abyss:1  | Found a sacrificial altar of Ru.
 84780 | Abyss:2  | Found a corrupted altar of Lugonu.
 84886 | Abyss:2  | Found a corrupted altar of Lugonu.
 84950 | Abyss:2  | Reached skill level 10 in Translocations
 85035 | Abyss:2  | Found a corrupted altar of Lugonu.
 85782 | Abyss:2  | Gained mutation: You are weak. (Str -2) [a neqoxec]
 85784 | Abyss:2  | Gained mutation: You are very weak. (Str -4) [a neqoxec]
 85870 | Depths:4 | Escaped the Abyss
 85872 | Depths:4 | Voluntarily entered the Abyss.
 85992 | Abyss:1  | Found a corrupted altar of Lugonu.
 86073 | Abyss:1  | Found a corrupted altar of Lugonu.
 86227 | Abyss:1  | Paralysed by accursed screaming for 1 turns
 86308 | Abyss:1  | Paralysed by accursed screaming for 1 turns
 88267 | Abyss:2  | Paralysed by you for 6 turns
 88871 | Abyss:2  | Identified the +2 helmet of Apathy {rF+} (You found it on
                  | level 2 of the Abyss)
 88889 | Abyss:2  | Identified the +0 pair of gloves of Lumasm {rF+ rN+ Dex-2}
                  | (You acquired it on level 2 of the Abyss)
 89038 | Abyss:2  | Gained mutation: You are occasionally teleported next to
                  | monsters. [a neqoxec]
 89813 | Depths:4 | Escaped the Abyss
 89819 | Depths:4 | Voluntarily entered the Abyss.
 90109 | Abyss:1  | Paralysed by accursed screaming for 1 turns
 91335 | Abyss:1  | Identified the +0 helmet "Curehor" {rN+ MR+} (You found it
                  | on level 1 of the Abyss)
 91568 | Abyss:1  | Found a corrupted altar of Lugonu.
 92709 | Abyss:1  | Identified the +5 chain mail of the Other World {rCorr
                  | SInv} (You found it on level 1 of the Abyss)
 92953 | Abyss:1  | Found a corrupted altar of Lugonu.
 92984 | Abyss:1  | Found a corrupted altar of Lugonu.
 93040 | Abyss:1  | Gained mutation: Your body sometimes deteriorates upon
                  | taking damage. [a shining eye]
 93243 | Abyss:1  | Found a roughly hewn altar of Beogh.
 93594 | Abyss:1  | Gained mutation: Scrolls take you much longer to read. [a
                  | shining eye]
 93600 | Abyss:1  | Gained mutation: Your body often deteriorates upon taking
                  | damage. [a shining eye]
 94455 | Abyss:1  | Identified the +1 plate armour of Sucecsog {*Contam +Inv
                  | rF- Int+8}
 95325 | Abyss:2  | Found a corrupted altar of Lugonu.
 95568 | Depths:4 | Escaped the Abyss
 95570 | Depths:4 | Voluntarily entered the Abyss.
 95724 | Abyss:1  | Found a corrupted altar of Lugonu.
 96865 | Abyss:1  | Noticed an ancient lich
 96875 | Abyss:1  | Killed an ancient lich
 96875 | Abyss:1  | Reached skill level 15 in Spellcasting
 97006 | Abyss:1  | Found a shimmering altar of Xom.
 97006 | Abyss:1  | Found a shimmering altar of Xom.
 97006 | Abyss:1  | Found a shimmering altar of Xom.
 97006 | Abyss:1  | Found a shimmering altar of Xom.
 97007 | Abyss:1  | Found a shimmering altar of Xom.
 97008 | Abyss:1  | Found a shimmering altar of Xom.
 97009 | Abyss:1  | Found a shimmering altar of Xom.
 97009 | Abyss:1  | Found a corrupted altar of Lugonu.
 97010 | Abyss:1  | Found a shimmering altar of Xom.
 97010 | Abyss:1  | Found a shimmering altar of Xom.
 97010 | Abyss:1  | Found a shimmering altar of Xom.
 97010 | Abyss:1  | Found a shimmering altar of Xom.
 97047 | Abyss:1  | Paralysed by accursed screaming for 1 turns
 97247 | Abyss:2  | Found a corrupted altar of Lugonu.
 97344 | Abyss:2  | Gained mutation: You are sometimes teleported next to
                  | monsters. [a neqoxec]
 97678 | Abyss:2  | Paralysed by accursed screaming for 1 turns
 97688 | Abyss:2  | Paralysed by accursed screaming for 2 turns
 97697 | Abyss:2  | Paralysed by accursed screaming for 1 turns
 98496 | Abyss:2  | Gained mutation: You tend to lose your temper in combat. [a
                  | neqoxec]
 98587 | Abyss:2  | Found a corrupted altar of Lugonu.
 98894 | Depths:4 | Escaped the Abyss
 99516 | D:7      | Fell from the grace of Elyvilon
 99516 | D:7      | Became a worshipper of Zin the Law-Giver
 99516 | D:7      | Reached * piety under Zin
 99516 | D:7      | Reached ** piety under Zin
 99516 | D:7      | Reached *** piety under Zin
 99516 | D:7      | Reached **** piety under Zin
 99516 | D:7      | Reached ***** piety under Zin
 99779 | Depths:4 | Voluntarily entered the Abyss.
 99915 | Abyss:1  | Paralysed by accursed screaming for 1 turns
100385 | Abyss:1  | Reached ****** piety under Zin
100390 | Abyss:1  | Lost mutation: Scrolls take you much longer to read.
                  | [potion of mutation]
100390 | Abyss:1  | Lost mutation: Your magical capacity is extremely low.
                  | (-30% MP) [potion of mutation]
100390 | Abyss:1  | Lost mutation: Armour fits poorly on your strangely shaped
                  | body. [potion of mutation]
100390 | Abyss:1  | Lost mutation: Your magical capacity is very low. (-20% MP)
                  | [potion of mutation]
100391 | Abyss:1  | Lost mutation: You frequently scream uncontrollably at your
                  | foes. [potion of mutation]
100391 | Abyss:1  | Lost mutation: You are very weak. (Str -4) [potion of
                  | mutation]
100391 | Abyss:1  | Lost mutation: You are very dopey. (Int -4) [potion of
                  | mutation]
100391 | Abyss:1  | Lost mutation: You sometimes yell uncontrollably at your
                  | foes. [potion of mutation]
100840 | Depths:4 | Escaped the Abyss
101133 | Vaults:4 | Bought a potion of mutation for 344 gold pieces
101133 | Vaults:4 | Lost mutation: You are weak. (Str -2) [potion of mutation]
101133 | Vaults:4 | Lost mutation: Your body often deteriorates upon taking
                  | damage. [potion of mutation]
101133 | Vaults:4 | Lost mutation: Your magical capacity is low. (-10% MP)
                  | [potion of mutation]
101133 | Vaults:4 | Lost mutation: You are extremely frail. (-30% HP) [potion
                  | of mutation]
101455 | Temple   | Fell from the grace of Zin
101455 | Temple   | Became a worshipper of the Shining One
101545 | D:8      | Paralysed by fainting for 12 turns
101843 | Tomb:1   | Entered Level 1 of the Tomb of the Ancients
101955 | Tomb:1   | Noticed a greater mummy
101972 | Tomb:1   | Killed a greater mummy
102059 | Tomb:1   | HP: 9/217 [something (30)]
102068 | Tomb:1   | HP: 6/228 [ushabti] (7)]
102140 | Tomb:1   | Noticed a greater mummy
102147 | Tomb:1   | Killed a greater mummy
102686 | Tomb:1   | Noticed a greater mummy
102686 | Tomb:1   | Noticed a greater mummy
102690 | Tomb:1   | Killed a greater mummy
102690 | Tomb:1   | Noticed a greater mummy
102693 | Tomb:1   | Killed a greater mummy
102696 | Tomb:1   | Killed a greater mummy
102699 | Tomb:1   | Noticed a greater mummy
102704 | Tomb:1   | Killed a greater mummy
102714 | Tomb:1   | Noticed a greater mummy
102716 | Tomb:1   | Noticed a greater mummy
102721 | Tomb:1   | Killed a greater mummy
102721 | Tomb:1   | Noticed a greater mummy
102727 | Tomb:1   | Killed a greater mummy
102733 | Tomb:1   | Killed a greater mummy
102737 | Tomb:1   | Noticed a greater mummy
102745 | Tomb:1   | Killed a greater mummy
102750 | Tomb:1   | Noticed a greater mummy
102756 | Tomb:1   | Killed a greater mummy
102761 | Tomb:1   | Noticed a greater mummy
102768 | Tomb:1   | Noticed a greater mummy
102770 | Tomb:1   | Killed a greater mummy
102785 | Tomb:1   | Killed a greater mummy
102804 | Tomb:1   | Noticed a greater mummy
102805 | Tomb:1   | Noticed a greater mummy
102813 | Tomb:1   | Noticed a greater mummy
102818 | Tomb:1   | HP: 6/227 [greater mummy/divine providence (12)]
102821 | Tomb:1   | Killed a greater mummy
102825 | Tomb:1   | Killed a greater mummy
102829 | Tomb:1   | Killed a greater mummy
102848 | Tomb:1   | Noticed a greater mummy
102858 | Tomb:1   | Killed a greater mummy
102863 | Tomb:1   | Noticed a greater mummy
102870 | Tomb:1   | Killed a greater mummy
102873 | Tomb:1   | Noticed a greater mummy
102882 | Tomb:1   | Killed a greater mummy
102886 | Tomb:1   | Noticed a greater mummy
102892 | Tomb:1   | Killed a greater mummy
102892 | Tomb:1   | Noticed a greater mummy
102892 | Tomb:1   | Noticed a greater mummy
102899 | Tomb:1   | Killed a greater mummy
102901 | Tomb:1   | Killed a greater mummy
103637 | Temple   | Fell from the grace of the Shining One
103637 | Temple   | Became a worshipper of Elyvilon the Healer
104126 | Zot:1    | Entered Level 1 of the Realm of Zot
104454 | Zot:1    | Slain by a quicksilver dragon

Levels and vault maps discovered:
D:1:      ncdulo_watergridlock, layout_basic, minmay_pentomino_q4
D:2:      layout_basic, nicolae_overflow_crystal_walls, first_ration
D:3:      layout_basic
D:4:      minmay_goblin_kobold_castle, layout_cave_pools, uniq_grinder
D:5:      layout_rooms, chequers_temple_overflow_minitemple,
          minmay_temple_entry_offerings, hellmonk_ghost_happy_afterlife,
          portal_sewer_entry_b, hex_large
D:6:      layout_rooms, nicolae_ru_awakened_eye, old_standard_altar
D:7:      layout_basic, grunt_temple_overflow_gold_and_silver,
          kiku_gazebo_garden_becter, grunt_livestock
D:8:      layout_basic, uniq_erica, uniq_maurice
D:9:      layout_long_grid, dancing_weapons_uskayaw, kennysheep_mini,
          uniq_joseph
D:10:     layout_roguey, hiddenorc1_lemuel, enter_trove_0, special_room
          [special_room_orc], uniq_nergalle
D:11:     minmay_tri_box, layout_cave_pods, erik_lair_orcish_takeover
D:12:     minmay_ice_pillars, layout_gridville, serial_shops, bzr_entry_dummy,
          uniq_josephine
D:13:     layout_gridville, solitary_fountain, kennysheep_decorative_pillar
D:14:     layout_layer_cave, erik_vaults_1, elyvilon_altar_3
D:15:     grunt_enter_depths_hoard, layout_basic, serial_shops,
          nicolae_shop_stone, maelrawn_ghost_gauntlet_escape, minivault_23
Temple:   compressed_dpeg_triangle_lava_temple
Lair:1:   layout_chaotic_city, kennysheep_rathole, uniq_urug
Lair:2:   beast_lair_carwin_large_4, layout_regular_city,
          kennysheep_snail_temple, lemuel_fruit_fields,
          minmay_lair_oklob_chamber
Lair:3:   layout_cave_shapes, elwin_shoals_entry_stream, spider_nest_entry_webs,
          infiniplex_staircase_pool, serial_bayou_shore_a
Lair:4:   beast_lair_carwin_large_1, layout_misc_corridors,
          gauntlet_entry_generic, hellmonk_ghost_happy_afterlife,
          minmay_lair_drake_nest, uniq_rupert
Lair:5:   layout_roguey, lemuel_fruit_fields
Lair:6:   guppyfry_lair_end_dragon, layout_cave_pods,
          dpeg_slime_entry_enclosed_altar, ebering_ghost_funeral_grove,
          dpeg_oklob_1, grunt_megastairs_4
Shoals:1: layout_shoals, portal_ice_cave_entry_dragon
Shoals:2: layout_shoals, uniq_polyphemus, uniq_ilsuiw, uniq_nikola
Shoals:3: layout_shoals, uniq_donald
Shoals:4: shoals_end_grunt_ice, layout_shoals, uniq_mara, uniq_louise
Spider:1: layout_spider_delve, uniq_kirke, uniq_asterion
Spider:2: layout_spider_delve, uniq_roxanne
Spider:3: layout_spider_delve, minivault_29
Spider:4: grunt_spider_rune_circles, nicolae_spider_circle_web
Orc:1:    layout_caves, uniq_harold
Orc:2:    grunt_orc_community_town_hall, layout_diamond_mine,
          grunt_orc_community_big_house_1, grunt_orc_community_big_house_2,
          grunt_orc_community_house_2, grunt_orc_community_house_1,
          grunt_orc_community_house_3, grunt_orc_community_house_1,
          grunt_orc_community_house_1, basic_altar,
          nicolae_volcano_entry_batcave, sword_in_stone, uniq_sonja
Elf:1:    eino_elf_arrival_sip, layout_geoelf_grid,
          kennysheep_underground_church, corexii_checkpoint_a, minivault_5
Elf:2:    layout_geoelf_diagonals, basic_altar, uniq_azrael
Elf:3:    grunt_elf_hall_asides, layout_loops_cross
Vaults:1: vaults_mumra_chevron, v_misc_16, v_misc_17, vaults_room_fours,
          vaults_mumra_hexcomb, vaults_room_pools, v_misc_27,
          nicolae_vaults_yaktaur_gun_rack, ontoclasm_vaults_shuriken,
          nicolae_vaults_asterisk, layout_vaults_quadrants, serial_shops,
          shop_coins, nicolae_shop_stone, shop, shop
Vaults:2: ontoclasm_vaults_fire_temple, nicolae_vaults_what_the_h,
          ontoclasm_vaults_ring_square, nicolae_vaults_little_ls,
          vaults_standard_mumra_lines, nicolae_vaults_circle_grid_a,
          v_pattern_1, hangedman_vaults_impose, grunt_vaults_hallway_short,
          v_misc_23, nicolae_vaults_little_squares_6, ontoclasm_vaults_gateway,
          layout_vaults_ring, infiniplex_enter_wizlab_water, uniq_aizul
Vaults:3: nicolae_vaults_specimen_jars, nicolae_vaults_border_crossing,
          minmay_crypt_entry_nasty_monster, hangedman_vaults_capsules, v_misc_4,
          hangedman_vaults_variations, nicolae_vaults_network_periphery,
          vaults_mumra_lcd, v_alt_pattern_2, vaults_dpeg_cross, v_misc_15,
          vaults_dpeg_ring, layout_vaults_omnibox
Vaults:4: ebering_vaults_ghost_gozag, nicolae_vaults_network_square,
          nicolae_vaults_asterisk, grunt_vaults_swirl, v_misc_15,
          vaults_dpeg_encased_lava, grunt_vaults_hallway_long,
          nicolae_vaults_little_squares_2, v_misc_30,
          nicolae_vaults_little_squares_3, v_rooms_6, st_more_cells,
          layout_vaults_big_room
Vaults:5
Crypt:1:  layout_chaotic_city, grunt_crypt_arrival_webbed,
          roderic_lattice_octagonal_star, grunt_megastairs_2
Crypt:2:  cheibrodos_crypt_cold_storage, layout_misc_corridors,
          minmay_guarded_unrand_skullcrusher, uniq_jory
Crypt:3:  due_elkab, layout_chaotic_city, uniq_sojobo
Tomb:1
Depths:1: layout_cave_pools, grunt_metal_band, gammafunk_ghost_necromancy,
          rand_demon_pan_entry_4, drop_trap, kennysheep_generic_room_11
Depths:2: minmay_the_grid_square_5x5_4x4_mashed
          [minmay_the_grid_square_5x5_beaten_path,
          minmay_the_grid_square_5x5_checkered,
          minmay_the_grid_square_5x5_intrusive_squares,
          minmay_the_grid_square_5x5_misaligned,
          minmay_the_grid_square_5x5_longway,
          minmay_the_grid_square_5x5_prize_gold,
          minmay_the_grid_square_5x5_prize_deathbox,
          minmay_the_grid_square_5x5_moneybag,
          minmay_the_grid_square_5x5_two_small,
          minmay_the_grid_square_5x5_prize_itemx,
          minmay_the_grid_square_5x5_prize_monsterx,
          minmay_the_grid_square_5x5_doubleslash,
          minmay_the_grid_square_5x5_almost_minimal,
          minmay_the_grid_square_5x5_tie, minmay_the_grid_square_5x5_lines,
          minmay_the_grid_square_5x5_n_small], layout_cross,
          pf_vacation_house_of_asmodeus, serial_bayou, serial_bayou_pond_d,
          serial_bayou_pond_d, serial_bayou_lake_a, serial_bayou_crossing
Depths:3: minmay_bloctagon, layout_cave_pools, grunt_decor_resistance,
          serial_shops, nicolae_shop_crystal, rand_demon_pan_entry_3,
          serial_rivers, chequers_serial_rivers_large_a,
          chequers_serial_rivers_marsh, chequers_serial_rivers_micro_b,
          chequers_serial_rivers_micro_b, chequers_serial_rivers_micro_a,
          chequers_serial_rivers_small_3, hell_entry
Depths:4: minmay_spiral_squares, layout_twisted_cross, enter_ziggurat_b,
          nicolae_abyss_entry_one_way_or_another, hell_entry, bh_chokoban,
          serial_shops, bzr_in_the_mist, grunt_pan_entry_zigzag,
          serial_sigils_hangedman_scratch
Depths:5: evilmike_zot_entry_gauntlet, layout_basic, hex_tiny,
          serial_corexii_hall, corexii_hall_statues_l, corexii_hall_statues_i,
          hell_entry, minmay_misc_feat_five, dispersion_dpeg, minmay_shop_star
Zot:1:    layout_gridville

Skill      XL: |  1  2  3  4  5  6  7  8  9 10 11 12 13 14 15 16 17 18 19 20 21 22 23 24 25 26 27 |
---------------+----------------------------------------------------------------------------------+-----
Fighting       | 3 4 5 6 8 9 10 12 13 14 15 16 17 18 19 25 | 25.0
Long Blades    | 3 9 12 14 24 | 24.4
Axes           | 1 4 6 9 13 14 15 16 17 18 19 20 | 20.0
Spellcasting   | 1 3 4 5 7 21 | 21.5
Evocations     | 5 9 |  9.5
Dodging        | 2 4 6 8 10 11 13 14 15 16 18 19 20 21 25 | 25.7
Armour         | 4 5 7 9 10 12 13 14 16 17 18 19 20 21 22 25 | 25.9
Shields        | 4 5 7 9 10 11 13 15 16 17 18 25 | 25.0
Invocations    | 10 11 13 14 15 16 | 16.5
Short Blades   | 5 9 |  9.7
Translocations | 12 | 12.8

Action                   |  1- 3 |  4- 6 |  7- 9 | 10-12 | 13-15 | 16-18 | 19-21 | 22-24 | 25-27 || total
-------------------------+-------+-------+-------+-------+-------+-------+-------+-------+-------++-------
Melee: Long sword        |   127 |    11 |       |       |       |       |       |       |       ||   138
       Hand axe          |       |   100 |   354 |   550 |   306 |       |       |       |       ||  1310
       Battleaxe         |       |       |       |       |  1343 |  1576 |   963 |  1670 |   424 ||  5976
       Scimitar          |       |       |       |       |    17 |       |       |       |       ||    17
       Demon blade       |       |       |       |       |       |    88 |   638 |       |   131 ||   857
       Short sword       |       |       |       |       |       |       |   919 |       |    35 ||   954
       Eudemon blade     |       |       |       |       |       |       |       |       | 11766 || 11766
       Headbutt          |       |       |       |       |       |       |       |       |  2335 ||  2335
Invok: Lesser Servant of |       |       |       |     1 |     3 |     2 |       |       |       ||     6
       Minor Destruction |       |       |       |       |     2 |       |       |       |       ||     2
       Greater Servant o |       |       |       |       |       |       |     5 |       |       ||     5
       Major Destruction |       |       |       |       |       |       |     3 |       |       ||     3
       Brand Weapon With |       |       |       |       |       |       |       |       |     1 ||     1
       Divine Shield     |       |       |       |       |       |       |       |       |     3 ||     3
       Summon Divine War |       |       |       |       |       |       |       |       |     7 ||     7
       Cleansing Flame   |       |       |       |       |       |       |       |       |     6 ||     6
       Greater Healing   |       |       |       |       |       |       |       |       |   225 ||   225
       Lesser Healing    |       |       |       |       |       |       |       |       |   129 ||   129
       Divine Protection |       |       |       |       |       |       |       |       |     1 ||     1
       Purification      |       |       |       |       |       |       |       |       |     1 ||     1
 Abil: Heal Wounds       |     1 |     4 |     2 |     8 |    16 |    12 |    37 |     4 |    29 ||   113
Evoke: Wand              |       |       |     8 |    17 |     4 |     4 |     9 |       |     9 ||    51
       Lightning rod     |       |       |       |       |     3 |       |       |       |       ||     3
       Lamp of fire      |       |       |       |       |     1 |       |       |       |       ||     1
       Phial of floods   |       |       |       |       |     1 |       |       |       |       ||     1
  Use: Scroll            |       |     4 |     6 |     9 |    18 |    21 |    20 |    18 |    55 ||   151
       Potion            |       |       |     4 |     1 |    18 |    10 |     4 |     2 |    15 ||    54
 Stab: Paralysed         |       |       |       |     3 |     1 |       |       |       |     1 ||     5
       Confused          |       |       |       |       |     2 |       |       |       |       ||     2
       Invisible         |       |       |       |       |     2 |       |       |       |     2 ||     4
       Held in net/web   |       |       |       |       |       |     3 |       |       |       ||     3
       Distracted        |       |       |       |       |       |       |       |     1 |     2 ||     3
       Petrified         |       |       |       |       |       |       |       |       |     1 ||     1
  Eat: Chunk             |       |     4 |    10 |    19 |    29 |    24 |    24 |    18 |    58 ||   186
       Ration            |       |       |     1 |       |     3 |     3 |     2 |     2 |    70 ||    81
Armor: Scale mail        |    64 |    56 |   133 |     5 |       |       |       |       |       ||   258
       Chain mail        |       |       |       |   145 |   127 |       |       |       |       ||   272
       Crystal plate arm |       |       |       |     4 |   755 |       |       |       |       ||   759
       Gold dragon scale |       |       |       |       |   201 |  1463 |  1123 |   958 |  2416 ||  6161
Dodge: Dodged            |    45 |    46 |   116 |    94 |  1213 |  2044 |  2036 |  1886 |  4525 || 12005
Block: Shield            |    53 |       |       |   249 |   195 |   202 |  1402 |       |  7964 || 10065
       Buckler           |    10 |    35 |   108 |    14 |       |       |       |       |       ||   167
       Rpst.: Long sword |    19 |     3 |       |       |       |       |       |       |       ||    22
       Scimitar          |       |       |       |       |     1 |       |       |       |       ||     1
       Demon blade       |       |       |       |       |       |    29 |   110 |       |    26 ||   165
       Eudemon blade     |       |       |       |       |       |       |       |       |   682 ||   682

Table legend:
 A = Non-vault XP
 B = Vault XP
 C = Vault XP percentage of total XP
 D = Non-vault monster count
 E = Vault monster count
 F = Vault count percentage of total count
                 A         B        C        D         E       F
            +---------+---------+-------+---------+---------+-------
      Total | 2693490 |  967421 |  26.4 |    5297 |    1304 |  19.8
            +---------+---------+-------+---------+---------+-------
        D:1 |      48 |       8 |  14.3 |      17 |       4 |  19.0
        D:2 |      23 |       0 |   0.0 |      13 |       0 |   0.0
        D:3 |     222 |       0 |   0.0 |      49 |       0 |   0.0
        D:4 |     426 |     750 |  63.8 |      15 |      42 |  73.7
        D:5 |     225 |      46 |  17.0 |      10 |       8 |  44.4
        D:6 |     348 |       0 |   0.0 |      10 |       0 |   0.0
        D:7 |    1357 |     961 |  41.5 |      27 |       5 |  15.6
        D:8 |    2806 |    1414 |  33.5 |      37 |       2 |   5.1
        D:9 |    1515 |     423 |  21.8 |      21 |       1 |   4.5
       D:10 |    5513 |    1244 |  18.4 |      47 |      38 |  44.7
       D:11 |    2889 |    4621 |  61.5 |      24 |      18 |  42.9
       D:12 |    3321 |    6205 |  65.1 |      21 |      21 |  50.0
       D:13 |    6896 |       0 |   0.0 |      33 |       0 |   0.0
       D:14 |    4889 |    1808 |  27.0 |      27 |       2 |   6.9
       D:15 |    9474 |    6764 |  41.7 |      34 |       9 |  20.9
     Lair:1 |     851 |    1042 |  55.0 |       4 |      15 |  78.9
     Lair:2 |    6504 |    6561 |  50.2 |      20 |      24 |  54.5
     Lair:3 |    5357 |    2044 |  27.6 |      21 |       7 |  25.0
     Lair:4 |     657 |    8486 |  92.8 |       5 |      16 |  76.2
     Lair:5 |    5397 |       0 |   0.0 |      20 |       0 |   0.0
     Lair:6 |    7289 |   12355 |  62.9 |      20 |      41 |  67.2
   Shoals:1 |   12587 |    1021 |   7.5 |      28 |       1 |   3.4
   Shoals:2 |    8993 |   12756 |  58.7 |      16 |      10 |  38.5
   Shoals:3 |   17531 |    2065 |  10.5 |      34 |       1 |   2.9
   Shoals:4 |   14138 |   30936 |  68.6 |      29 |      34 |  54.0
   Spider:1 |   15165 |    4565 |  23.1 |      41 |       5 |  10.9
   Spider:2 |   22392 |       0 |   0.0 |      63 |       0 |   0.0
   Spider:3 |   16792 |    8025 |  32.3 |      55 |      45 |  45.0
   Spider:4 |   21878 |   22067 |  50.2 |      53 |      35 |  39.8
      Orc:1 |    1518 |     976 |  39.1 |      28 |       1 |   3.4
      Orc:2 |    5060 |   11903 |  70.2 |      41 |      85 |  67.5
      Elf:1 |   12888 |    6691 |  34.2 |      21 |      11 |  34.4
      Elf:2 |   21103 |   25013 |  54.2 |      37 |      36 |  49.3
      Elf:3 |    8807 |   41531 |  82.5 |      13 |      32 |  71.1
   Vaults:1 |   23155 |    6720 |  22.5 |      60 |      19 |  24.1
   Vaults:2 |   40242 |   20080 |  33.3 |      62 |      36 |  36.7
   Vaults:3 |   37615 |   25383 |  40.3 |      63 |      42 |  40.0
   Vaults:4 |   45260 |   37724 |  45.5 |      69 |      42 |  37.8
   Vaults:5 |   50703 |  136795 |  73.0 |      71 |      90 |  55.9
    Crypt:1 |   17724 |    5572 |  23.9 |      23 |      12 |  34.3
    Crypt:2 |   27849 |   21197 |  43.2 |      43 |      30 |  41.1
    Crypt:3 |   26925 |   37223 |  58.0 |      31 |      61 |  66.3
     Tomb:1 |    5012 |  159848 |  97.0 |      12 |      75 |  86.2
   Depths:1 |   51652 |    7734 |  13.0 |      63 |      11 |  14.9
   Depths:2 |   35506 |   58967 |  62.4 |      66 |      39 |  37.1
   Depths:3 |   28593 |   23726 |  45.3 |      39 |      21 |  35.0
   Depths:4 |   34266 |   51679 |  60.1 |      45 |      52 |  53.6
   Depths:5 |   21249 |   37005 |  63.5 |      20 |      25 |  55.6
      Zot:1 |   35942 |       0 |   0.0 |      19 |       0 |   0.0
    Abyss:1 | 1316074 |   45544 |   3.3 |    2310 |      44 |   1.9
    Abyss:2 |  549711 |    2380 |   0.4 |    1180 |       4 |   0.3
    Abyss:3 |   99873 |   33638 |  25.2 |     180 |      44 |  19.6
    Abyss:4 |     366 |    4213 |  92.0 |       2 |       8 |  80.0
      Sewer |       0 |     260 | 100.0 |       0 |      19 | 100.0
      IceCv |       0 |    5799 | 100.0 |       0 |      29 | 100.0
    Volcano |       0 |    5391 | 100.0 |       0 |       6 | 100.0
     WizLab |     914 |   14759 |  94.2 |       5 |      36 |  87.8
   Gauntlet |       0 |    3503 | 100.0 |       0 |      10 | 100.0
            +---------+---------+-------+---------+---------+-------
